Map: Cyber Forest LE

Players

ZIDIZO

  • Race: Zerg Zerg
  • League: Silver
  • Spawn Location: 11:00

Zalltor - Winner!

  • Race: Protoss Protoss
  • Spawn Location: 5:00

VOD

Have the link to the VOD?

Description

Time

  • Played on: April 6, 2019, 3:51 p.m.
  • Length: 18:28
Show
View Real Time Build Order
Export as new Build Order

ZIDIZO Zerg 

Build Orders: Hatch First 

Get SALT Encoding   

  12  0:03  Drone  
  13  0:09  Drone  
  14  0:26  Overlord  
  14  0:45  Hatchery  
  13  0:51  Drone x2  
  15  1:12  Spawning Pool  
  15  1:16  Drone x2  
  16  1:46  Drone x2  
  18  1:47  Hatchery  
  18  1:48  Drone  
  18  1:57  Drone  
  19  2:01  Queen  
  19  2:05  Extractor  
  20  2:10  Drone x2  
  22  2:19  Overlord  
  22  2:33  Drone x3  
  25  2:42  Drone x2  
  27  2:52  Queen  
  27  2:55  Extractor, Drone  
  29  3:09  Evolution Chamber  
  29  3:10  Drone x2  
  29  3:11  Drone  
  29  3:12  Evolution Chamber, Drone x3  
  33  3:19  Queen  
  35  3:31  Zergling x2  
  35  3:32  Zergling x6  
  39  3:41  Drone  
  39  3:42  Drone  
  39  3:43  Drone  
  42  3:52  Zerg Melee Weapons Level 1  
  42  4:04  Zerg Ground Armor Level 1  
  42  4:14  Overlord  
  42  4:15  Overlord x3  
  42  4:32  Queen  
  42  4:36  Drone x3  
  47  4:49  Drone x3  
  47  4:50  Metabolic Boost  
  50  5:00  Zergling x10  
  50  5:01  Extractor  
  50  5:04  Extractor  
  53  5:08  Lair  
  53  5:34  Drone x2, Hatchery  
  53  5:35  Drone  
  55  5:45  Spore Crawler  
  54  6:07  Zergling x2  
  54  6:08  Zergling x10  
  54  6:09  Zergling x10  
  54  6:10  Zergling x8  
  69  6:22  Overseer  
  69  6:33  Spire  
  69  6:36  Zerg Melee Weapons Level 2  
  69  6:37  Spire  
  69  6:39  Zerg Ground Armor Level 2  
  67  6:48  Drone x3, Baneling Nest  
  67  6:53  Burrow  
  69  6:58  Extractor, Drone x5  
  69  6:59  Drone  
  69  7:00  Extractor  
  73  7:35  Zergling x2  
  73  7:36  Zergling x10  
  73  7:37  Zergling x2  
  80  7:38  Centrifical Hooks  
  80  7:40  Overlord x4  
  80  7:41  Overlord x2  
  80  7:50  Infestation Pit  
  79  7:55  Nydus Network  
  78  8:08  Overseer  
  78  8:11  Overseer  
  78  8:14  Hatchery  
  77  8:25  Overseer  
  77  8:28  Drone x2  
  77  8:29  Drone x2  
  81  8:42  Hatchery  
  80  9:01  Corruptor  
  80  9:02  Corruptor x5  
  86  9:03  Corruptor x3  
  98  9:14  Zerg Flyer Weapons Level 1  
  98  9:20  Zerg Flyer Armor Level 1  
  98  9:58  Drone x3  
  101  10:16  Drone x5  
  101  10:17  Drone x3  
  109  10:55  Zergling x2  
  109  10:56  Zergling x10  
  109  10:57  Zergling x10  
  117  10:58  Zergling x2  
  117  11:00  Baneling x3  
  117  11:01  Baneling x6  
  117  11:02  Baneling x5  
  117  11:03  Baneling x3  
  121  11:05  Overlord  
  121  11:06  Overlord x6  
  121  11:17  Zerg Flyer Weapons Level 2  
  121  11:18  Zerg Flyer Armor Level 2  
  121  11:24  Hive  
  121  11:32  Pneumatized Carapace  
  121  12:28  Corruptor x5  
  121  12:29  Corruptor x5  
  137  12:30  Corruptor x5  
  137  12:31  Mutalisk, Corruptor  
  155  12:44  Adrenal Glands  
  151  13:21  Corruptor x3  
  151  13:22  Corruptor x3  
  143  14:08  Corruptor  
  143  14:09  Corruptor x7  
  140  14:34  Spore Crawler  
  140  14:36  Spore Crawler  
  140  14:37  Spore Crawler x5  
  140  14:38  Spore Crawler  
  126  14:39  Spore Crawler  
  126  14:43  Corruptor x5  
  92  15:04  Corruptor x2  
  61  15:25  Drone  
  61  15:26  Drone x5  
  61  15:27  Drone x5  
  61  15:28  Drone  
  66  15:31  Zergling x2  
  66  15:32  Zergling x14  
  42  16:10  Corruptor  
  42  16:11  Corruptor x4  
  51  16:33  Drone  
  51  16:34  Drone x3  
  41  17:03  Spawning Pool  
  29  17:25  Extractor  
  29  17:28  Hatchery  
  29  17:29  Extractor  
  7  18:09  Drone x2  
  7  18:10  Drone  
Show
View Real Time Build Order
Export as new Build Order

Zalltor Protoss - Winner!

Build Orders: Carriers 

Get SALT Encoding   

  1  0:00  Probe  
  13  0:18  Probe  
  13  0:20  Pylon  
  14  0:30  Probe  
  15  0:41  Gateway  
  15  0:42  Probe  
  16  0:54  Assimilator  
  16  0:56  Probe  
  17  1:04  Pylon  
  17  1:15  Assimilator  
  17  1:34  Gateway  
  17  1:35  Cybernetics Core  
  17  1:41  Zealot  
  17  1:45  Probe  
  19  1:54  Probe  
  20  1:59  Pylon  
  21  2:11  Warp Gate  
  21  2:24  Nexus  
  21  2:33  Stalker  
  21  2:35  Probe  
  24  2:45  Probe  
  25  2:54  Shield Battery  
  25  3:00  Nexus  
  25  3:08  Probe  
  26  3:20  Probe  
  27  3:31  Pylon  
  27  3:32  Probe  
  28  3:44  Probe  
  29  3:55  Stargate x2  
  29  3:58  Stargate  
  29  4:02  Robotics Facility  
  29  4:11  Pylon  
  29  4:21  Probe  
  29  4:23  Probe  
  31  4:31  Stalker, Protoss Air Weapons Level 1  
  31  4:33  Probe  
  31  4:34  Probe  
  35  4:42  Probe  
  35  4:50  Probe  
  37  5:02  Nexus  
  37  5:15  Probe  
  37  5:18  Probe  
  39  5:21  Void Ray  
  39  5:27  Probe  
  44  5:28  Void Ray  
  48  5:36  Observer  
  49  5:44  Probe  
  49  5:45  Probe  
  51  5:56  Probe  
  52  5:57  Warp Prism, Probe  
  55  6:08  Assimilator  
  55  6:09  Probe  
  55  6:11  Assimilator  
  56  6:13  Probe  
  57  6:21  Void Ray  
  61  6:25  Probe  
  62  6:38  Probe, Assimilator  
  63  6:41  Assimilator  
  63  6:49  Probe  
  63  6:50  Pylon, Probe x2  
  66  6:54  Void Ray  
  66  6:55  Void Ray  
  74  7:01  Probe  
  74  7:02  Probe x2  
  74  7:07  Observer  
  78  7:13  Probe  
  78  7:14  Probe  
  80  7:19  Probe  
  80  7:21  Probe  
  81  7:26  Probe  
  81  7:27  Probe  
  81  7:29  Probe  
  83  7:34  Fleet Beacon  
  83  7:36  Probe  
  85  7:38  Probe  
  85  7:39  Pylon  
  85  7:40  Probe  
  85  7:42  Pylon  
  88  7:47  Pylon  
  88  7:48  Probe  
  88  7:50  Probe  
  90  7:59  Pylon  
  90  8:01  Probe  
  91  8:08  Carrier  
  91  8:09  Probe, Carrier x2  
  91  8:17  Probe  
  111  8:29  Probe  
  112  8:43  Nexus  
  112  9:10  Probe  
  112  9:15  Probe  
  112  9:16  Probe  
  115  9:22  Probe  
  116  9:28  Probe x2  
  118  9:35  Probe  
  118  9:37  Carrier  
  125  9:47  Pylon x2  
  125  9:49  Pylon  
  125  9:54  Carrier x2  
  125  9:55  Probe x2  
  125  9:56  Pylon  
  139  10:19  Probe  
  140  10:22  Probe x2  
  140  10:23  Probe  
  143  10:31  Probe, Carrier  
  144  10:41  Assimilator  
  144  10:42  Assimilator  
  150  10:43  Probe  
  150  10:49  Carrier x2  
  163  11:05  Mothership  
  163  11:19  Probe  
  172  11:53  Pylon  
  172  11:54  Pylon  
  172  11:56  Pylon  
  172  11:57  Pylon  
  172  11:59  Pylon  
  172  12:01  Pylon  
  172  12:08  Tempest  
  172  12:09  Tempest x2  
  187  12:39  Cybernetics Core  
  187  12:40  Protoss Air Weapons Level 2  
  187  12:58  Probe  
  187  13:04  Void Ray x2  
  196  13:07  Void Ray  
  186  13:21  Probe  
  174  13:41  Carrier x2  
  174  13:42  Carrier  
  174  13:43  Probe  
  175  13:55  Probe  
  171  14:07  Probe  
  170  14:19  Probe  
  171  14:31  Probe  
  139  15:26  Carrier x3  
  139  15:48  Protoss Air Weapons Level 3  
  139  15:51  Protoss Air Armor Level 1  
  135  16:30  Carrier x3  
Tags
 
Composition
Carriers
League
Silver
Matchup
PvZ
Spawn Locations
Cross Positions
Add a new tag
Caveats
  • Supply blocks, unpowered buildings, or Contaminate may cause inaccurate times.
  • Supply counts are checked every 10 seconds.